Sunlight, chaotic male elven Priest ---- |..| |@G------- |.G..|-..| --- --.|.|...--- --- --- .........- --|.......-- .................- ---..........................- ----...........- ..- --............... --........................ ...........--- .............. .........--- ..-------- --.---...| | -- ---- Sunlight the Acolyte Experience level: 4 Strength: 12 Dexterity: 15 Constitution: 15 Intelligence: 11 Wisdom: 18 Charisma: 11 Health: 0(27) Energy: 54(54) Def: 5 Gold: 17 Moves: 1883 Dungeon seed: t_SF9uIh1xIU8M0b Game ID: Sunlight_1614807921 Your Inventory: Coins $ - 17 gold pieces Weapons a - a blessed +1 mace (weapon in hand) j - 10 +0 shuriken (in quiver) m - a +0 orcish dagger E - a +0 long sword G - 8 +0 darts Armor e - a +0 robe (being worn) n - a +0 small shield (being worn) q - a +0 pair of low boots (being worn) y - a +0 orcish helm (being worn) z - a +0 pair of gauntlets of power Comestibles c - a clove of garlic d - a sprig of wolfsbane Scrolls s - a cursed scroll of destroy armor Spellbooks f - a spellbook of create monster g - a spellbook of cure blindness Potions b - 3 potions of holy water k - a potion of sleeping w - a potion of water F - a potion of monster detection Wands p - a wand of secret door detection (0:11) Tools h - a magic marker (0:33) i - a wooden harp D - 2 cursed tallow candles (0:200) Gems r - a worthless piece of red glass Spells and supernatural/magical abilities: Name Level Category Fail Memory B - cure blindness 2 healing 39% 91% O - create monster 2 clerical 0% 91% W - pray for help -- divine ? -- X - turn undead -- divine ? -- Your skills at the end: Fighting Skills Weapon Skills mace [Basic] Spellcasting Skills clerical spells [Basic] Final Attributes: You were piously aligned. You were sleep resistant. You had infravision. You are dead. Vanquished creatures: a shrieker a little dog a kitten an acid blob a coyote a giant rat a brown mold 2 yellow molds 4 gnomes 2 garter snakes 3 geckos a jackal 2 kobolds a goblin 3 grid bugs 2 bats 4 lichens a kobold zombie 3 newts 35 creatures vanquished. Voluntary challenges: You used a wielded weapon 42 times, starting on turn 129. You read items or engraved 2 times, starting on turn 232. You never genocided any monsters. You never polymorphed an object. You never changed form. You used no wishes. You never split a pudding. You never wrote Elbereth's name. You never violated your personal moral code. Dungeon overview: The Dungeons of Doom: levels 1 to 4 Level 1 a long staircase Level 2 Level 3 a potion shop stairs to The Gnomish Mines Level 4 a sink The Gnomish Mines: Level 4 <- You were here stairs to The Dungeons of Doom History has recorded: On T:1 you entered the Dungeons of Doom to retrieve the Amulet of Yendor! On T:315 you reached level 2 of The Dungeons of Doom. On T:316 you advanced to experience level 2. On T:699 you reached level 3 of The Dungeons of Doom. On T:966 you reached level 1 of The Gnomish Mines. On T:974 you advanced to experience level 3. On T:1216 you reached level 4 of The Dungeons of Doom. On T:1545 you advanced to experience level 4. Score breakdown: Gold: 17 ( 4270 points) Experience: 4 levels ( 9649 points) Exploration: 4 levels ( 8.70%) ( 7745 points) Discoveries: 7 items ( 2.45%) ( 4693 points) Valuables value: (no points given unless you survive) Artifact value: 0 ( 0 points) Variety of kills: 19 monsters ( 4.99%) ( 6699 points) Turncount: 1883 turns ( 0 points) Survival: died (score multiplied by 80%) Total score: 26444 Latest messages: You hear someone cursing shoplifters. You see here a blessed ring mail. You stop running. The wererat hits! You hit the wererat! The wererat reads a cursed scroll labeled YUM YUM! You see here a blessed ring mail. You stop running. The garter snake bites! You kill the garter snake! You see here a blessed ring mail. You stop running. The grid bug misses. You miss the grid bug. The grid bug just misses! You kill the grid bug! You hit the gnome king! The gnome king hits! The gnome lord hits! You hit the gnome king. The gnome king hits! The gnome lord misses. You begin praying to Mars. The gnome king hits! You die... Final status: Goodbye Sunlight the Priest, killed by a gnome king, while praying... You died in The Gnomish Mines on dungeon level 4 with 26444 points, and 17 pieces of gold, after 1883 moves. You were level 4 with a maximum of 27 hit points when you died.